 Dungeon Crawl Stone Soup version 0.23.0 (webtiles) character file.

Game seed: 8605476429077159506

3306 Infinimo the Carver (level 10, -7/79 (80) HPs)
             Began as a Merfolk Gladiator on Feb 9, 2019.
             Was a Priest of Okawaru.
             Mangled by an ice beast (9 damage)
             ... on level 8 of the Dungeon.
             The game lasted 00:13:42 (10841 turns).

Infinimo the Carver (Merfolk Gladiator)            Turns: 10841, Time: 00:13:42

HP:   -7/79 (80)    AC:  5    Str: 19    XL:     10   Next: 1%
MP:   10/10         EV: 19    Int: 14    God:    Okawaru [***...]
Gold: 418           SH:  0    Dex: 16    Spells: 6/9 levels left

rFire    . . .     SeeInvis .   a - +1 long sword
rCold    . . .     Gourm    .   (no shield)
rNeg     . . .     Faith    .   b - +0 leather armour
rPois    .         Spirit   .   c - +0 helmet
rElec    .         Reflect  .   i - +0 cloak
rCorr    .         Harm     .   (no gloves)
MR       .....                  (no boots)
Stlth    +.........             (no amulet)
HPRegen  0.00/turn              o - +3 ring of intelligence
MPRegen  0.12/turn              (no ring)

@: mighty, lethally poisoned (-7 -> -13), non-regenerating, badly diseased
A: change form in water, swift swim, stealthy swim
a: Heroism, Renounce Religion


You were on level 8 of the Dungeon.
You worshipped Okawaru.
Okawaru was most pleased with you.
You were not hungry.

You visited 2 branches of the dungeon, and saw 9 of its levels.

You collected 418 gold pieces.

Inventory:

Hand Weapons
 a - a +1 long sword (weapon)
Missiles
 d - 3 throwing nets (quivered)
Armour
 b - a +0 leather armour (worn)
 c - a +0 helmet (worn)
 i - a +0 cloak (worn)
Jewellery
 o - a +3 ring of intelligence (left hand)
 u - an uncursed ring of poison resistance {unknown}
Wands
 m - a wand of iceblast (2)
Scrolls
 j - 7 scrolls of identify
 l - a scroll of remove curse
 q - 2 scrolls of amnesia
 r - a scroll of magic mapping
 s - a scroll of enchant weapon
Potions
 e - a potion of degeneration
 h - 2 potions of magic
 p - a potion of flight
Comestibles
 f - 7 rations
 v - 3 chunks of flesh


   Skills:
 + Level 7.8 Fighting
 * Level 11.0 Long Blades
 - Level 2.0 Throwing
 + Level 9.8 Dodging


You had 6 spell levels left.
You knew the following spells:

 Your Spells              Type           Power        Failure   Level  Hunger
a - Regeneration          Chrm/Necr      #.........   71%         3    ####...

Your spell library contained the following spells:

 Spells                   Type           Power        Failure   Level  Hunger
 Animate Skeleton         Necr           N/A          34%         1    ##.....
 Confusing Touch          Hex            #.....       34%         1    ##.....
 Pain                     Necr           #...         34%         1    ##.....
 Confuse                  Hex            #.......     71%         3    ####...
 Gell's Gravitas          Tloc           #.........   71%         3    ####...
 Vampiric Draining        Necr           #.........   71%         3    ####...
 Animate Dead             Necr           N/A          98%         4    #####..
 Petrify                  Tmut/Erth      #.......     98%         4    #####..
 Metabolic Englaciation   Hex/Ice        #.........   100%        5    ######.
 Yara's Violent Unravell  Hex/Tmut       #.........   100%        5    ######.


Dungeon Overview and Level Annotations

Branches:
Dungeon (8/15)             Temple (1/1) D:5            Lair (0/6) D:8

Altars:
Ashenzari
Cheibriados
Dithmenos
Elyvilon
Fedhas
Gozag
Hepliaklqana
Kikubaaqudgha
Makhleb
Nemelex Xobeh
Okawaru
Qazlal
Ru
Sif Muna
Trog
Uskayaw
Vehumet
Wu Jian
Xom
Yredelemnul
Zin
The Shining One

Annotations:
D:8 Erica


Message History

It was a potion of might.
You feel very mighty all of a sudden.
You feel sick.
You feel sick.
You riposte.
You feel sick. The necrophage hits you.
* * * LOW HITPOINT WARNING * * *
You feel ill.
You feel your flesh rotting away!
You destroy the necrophage!
Okawaru accepts your kill.
You have reached level 10!
You feel clever.
* * * LOW HITPOINT WARNING * * *
You feel sick.
Okay, then.
Unknown command.
The ice beast hits you.
* * * LOW HITPOINT WARNING * * *
The ice beast freezes you!
You die...

******,,,,****,,,,,,,,,****,,.
*,,,,,,,,,* **,,,...,** **,#
*,****,**,* **,.aY,** **# *,*
*,**,* **.s.** # *,* **,**,*
*#'#* # *,* *,,**,* #.# # *,*
*,***,* ##.## # *,* *,*
#.#######...## #
*,***,**#...†@Y...#..####.####
*,,,,,....######..............
*****,#*,,,* #.....##.######
*,,,,,,* ##...## ****,,,*
##÷##* ***** #.#,** #..*,**
#.##*,** #.####.###


You could see an ice beast.

Vanquished Creatures
  Prince Ribbit (D:7)
  Sigmund (D:3)
  Menkaure (D:7)
  An orc warrior (D:8)
  A necrophage (D:8)
  A phantom (D:6)
  A black bear (D:6)
  2 sky beasts
  3 ogres
  2 big kobolds
  2 bullfrogs
  4 scorpions
  A howler monkey (D:4)
  4 crimson imps
  2 bullfrog zombies
  A centaur zombie (D:8)
  3 hounds
  3 jellies
  9 orc priests
  A bullfrog skeleton (D:7)
  Ijyb (D:2)
  5 worker ants
  11 orc wizards
  A hound skeleton (D:7)
  Robin (D:3)
  12 gnolls
  9 adders
  A shadow imp (D:5)
  3 adder skeletons
  3 adder zombies (D:5)
  4 worms
  6 dart slugs
  6 leopard geckos
  28 orcs
  A ball python (D:1)
  6 giant cockroaches
  12 goblins
  8 hobgoblins
  7 jackals
  12 kobolds
  A quokka (D:6)
  8 bats
  6 frilled lizards
  A quokka skeleton (D:5)
  A quokka zombie (D:7)
  6 rats
204 creatures vanquished.

Notes
Turn   | Place    | Note
-------+----------+-------------------------------------------
     0 | D:1      | Infinimo the Merfolk Gladiator began the quest for the Orb.
     0 | D:1      | Reached XP level 1. HP: 16/16 MP: 1/1
   343 | D:1      | Reached XP level 2. HP: 23/23 MP: 2/2
  1232 | D:2      | Reached skill level 4 in Long Blades
  1232 | D:2      | Reached XP level 3. HP: 27/28 MP: 3/3
  1324 | D:2      | Reached XP level 4. HP: 27/35 MP: 4/4
  1331 | D:2      | Reached skill level 5 in Dodging
  1340 | D:2      | Reached XP level 5. HP: 3/41 MP: 5/5
  1862 | D:2      | Reached skill level 5 in Long Blades
  2658 | D:2      | HP: 2/42 [orc/+0 club (7)]
  2988 | D:3      | Reached XP level 6. HP: 25/48 MP: 6/6
  3181 | D:3      | Noticed Sigmund
  3239 | D:2      | Learned a level 3 spell: Regeneration
  3443 | D:3      | Noticed Robin
  3655 | D:3      | Killed Robin
  3704 | D:3      | Noticed Ijyb
  3710 | D:3      | Paralysed by Ijyb for 2 turns
  3723 | D:2      | Killed Ijyb
  3723 | D:2      | Reached skill level 6 in Long Blades
  4122 | D:3      | Killed Sigmund
  4122 | D:3      | Reached XP level 7. HP: 52/55 MP: 7/7
  4374 | D:4      | You fall through a shaft for 3 floors!
  4391 | D:5      | Entered Level 5 of the Dungeon
  4391 | D:5      | Found a staircase to the Ecumenical Temple.
  4400 | Temple   | Entered the Ecumenical Temple
  4512 | Temple   | Became a worshipper of Warmaster Okawaru
  4802 | D:4      | Reached skill level 7 in Long Blades
  5331 | D:4      | Reached skill level 5 in Fighting
  5757 | D:4      | Found a shadowy altar of Dithmenos.
  6073 | D:5      | Reached XP level 8. HP: 62/62 MP: 8/8
  6085 | D:5      | Reached * piety under Okawaru
  6309 | D:5      | Reached skill level 8 in Long Blades
  6851 | D:5      | Found a sparkling altar of Nemelex Xobeh.
  7539 | D:6      | Reached skill level 9 in Long Blades
  7708 | D:6      | Reached XP level 9. HP: 69/71 MP: 9/9
  8238 | D:7      | Noticed Menkaure
  8508 | D:7      | Killed Menkaure
  8508 | D:7      | Reached ** piety under Okawaru
  9231 | D:7      | Reached skill level 10 in Long Blades
 10163 | D:7      | Reached *** piety under Okawaru
 10350 | D:7      | Noticed Prince Ribbit
 10368 | D:7      | Killed Prince Ribbit
 10652 | D:8      | Noticed a death yak
 10652 | D:8      | Noticed an elephant
 10800 | D:8      | Noticed Erica
 10818 | D:8      | Reached skill level 11 in Long Blades
 10840 | D:8      | Reached XP level 10. HP: 5/79 MP: 10/10
 10841 | D:8      | HP: 2/79 [ice beast (2)]
 10841 | D:8      | Mangled by an ice beast

Skill      XL: |  1  2  3  4  5  6  7  8  9 |
---------------+----------------------------+-----
Long Blades    | 4 5 6 7 9 11 | 11.0
Fighting       | 3 4 5 6 7 |  7.8
Dodging        | 5 6 7 8 9 |  9.8
Throwing       | |  2.0

Action                   |  1- 3 |  4- 6 |  7- 9 | 10-12 || total
-------------------------+-------+-------+-------+-------++-------
Melee: Long sword        |    52 |   179 |   587 |     1 ||   819
Evoke: Wand              |       |     2 |     1 |       ||     3
  Use: Potion            |     2 |       |     4 |       ||     6
       Scroll            |     1 |     6 |     8 |       ||    15
 Stab: Sleeping          |     2 |       |     1 |       ||     3
  Eat: Chunk             |     1 |     9 |    16 |       ||    26
       Ration            |       |       |     2 |       ||     2
Armor: Leather armour    |    24 |    50 |    91 |       ||   165
Dodge: Dodged            |    39 |   192 |   466 |       ||   697
       Rpst.: Long sword |    13 |    67 |   145 |       ||   225
